 Dungeon Crawl Stone Soup version 0.20-a0-263-g81abdfb (webtiles) character file.

56 tsouns the Grave Robber (level 3, -1/24 HPs)
             Began as a Demonspawn Wanderer on Dec 4, 2016.
             Slain by an adder (5 damage)
             ... on level 2 of the Dungeon.
             The game lasted 00:07:22 (1813 turns).

tsouns the Grave Robber (Demonspawn Wanderer)       Turns: 1813, Time: 00:07:22

Health: -1/24      AC:  5    Str: 11    XL:     3   Next: 71%
Magic:  0/7        EV: 11    Int: 17    God:
Gold:   164        SH:  0    Dex: 10    Spells: 2/8 levels left

rFire  . . .     SeeInvis .     e - +0 club
rCold  . . .     Gourm    .     d - +0 robe
rNeg   . . .     Faith    .     (no shield)
rPois  .         Spirit   .     (helmet restricted)
rElec  .         Reflect  .     (no cloak)
rCorr  .         Harm     .     (no gloves)
MR     .....                    s - +2 pair of boots
Stlth  +.........               (no amulet)
                                (no ring)
                                (no ring)

@: very slightly contaminated
A: horns 1
a: no special abilities


You were on level 2 of the Dungeon.
You were not hungry.

You visited 1 branch of the dungeon, and saw 2 of its levels.

You collected 164 gold pieces.

Inventory:

Hand Weapons
 e - a +0 club (weapon)
Armour
 d - a +0 robe (worn)
 s - a +2 pair of boots (worn)
Scrolls
 h - a scroll of noise {unknown}
 k - a scroll of fear {unknown}
 o - a scroll of remove curse {unknown}
 p - a scroll of teleportation {unknown}
 q - a scroll of enchant weapon {unknown}
Potions
 j - a potion of cure mutation
 l - 2 potions of resistance {unknown}
Books
 a - a book of Conjurations

   Spells                             Type                      Level
   a - Magic Dart                     Conjuration                  1
   b - Searing Ray                    Conjuration                  2
   c - Dazzling Spray                 Conjuration/Hexes            3
   d - Fulminant Prism                Conjuration/Hexes            4
   e - Iskenderun's Mystic Blast      Conjuration                  4
   f - Iskenderun's Battlesphere      Conjuration/Charms           5
 b - Sif Muna's Handbook of the Glacier

   Spells                             Type                      Level
   a - Freeze                         Ice                          1
   b - Ozocubu's Armour               Charms/Ice                   3
 c - Nubui's Tome of Clay

   Spells                             Type                      Level
   a - Sandblast                      Earth                        1
   b - Stone Arrow                    Conjuration/Earth            3
 r - a book of Misfortune

   Spells                             Type                      Level
   a - Confusing Touch                Hexes                        1
   b - Confuse                        Hexes                        3
   c - Gell's Gravitas                Hexes/Translocation          3
   d - Petrify                        Transmutation/Earth          4
   e - Metabolic Englaciation         Hexes/Ice                    5
   f - Yara's Violent Unravelling     Hexes/Transmutation          5
Comestibles
 f - 3 bread rations
 i - 6 chunks of flesh
 n - a beef jerky


   Skills:
 + Level 3.0 Spellcasting
 + Level 3.2 Conjurations
   Level 3.2 Necromancy
   Level 1.0 Translocations
   Level 2.0 Evocations


You had 2 spell levels left.
You knew the following spells:

 Your Spells              Type           Power        Failure   Level  Hunger
a - Magic Dart            Conj           ##..         4%          1    None
b - Searing Ray           Conj           ##....       10%         2    ##.....
c - Dazzling Spray        Conj/Hex       #.....       30%         3    ###....


Dungeon Overview and Level Annotations

Branches:
Dungeon (2/15)

Altars:


Innate Abilities, Weirdness & Mutations

You have a pair of small horns on your head.


Message History

You feel better. The adder barely misses you.
Casting: Magic Dart
Confirm with . or Enter, or press ? or * to list all spells.
Aiming: Magic Dart
Press: ? - help, Shift-Dir - straight line, f/p - adder
Aim: an adder (almost dead)
You miscast Magic Dart.
The air around you crackles with energy!
The adder barely misses you. The adder bites you but does no damage.
You hit the adder.
The adder is almost dead.
The adder bites you but does no damage.
You completely miss the adder.
The adder is almost dead.
The adder bites you. x2
* * * LOW HITPOINT WARNING * * *
You closely miss the adder.
The adder is almost dead.
The adder bites you.
You die...

....###............#####.#
.(...#.......##......รท...#.#
##.#.#..............S........
##.#...........#.########....
##.#..#.....#....# ##.
...#..#....##.)#.#
......#.##.##..[w#
...##......##..#S##
....#......##.##@.###
..#.#......##...........
..#.....................
..####.................. ..#
#................... ..#
#.................... ..#
#....[.......[......# ###
#..........(........#
#.##...)...........#


You could see an adder and a dart slug.

Vanquished Creatures
  An adder (D:2)
  2 oozes (D:1)
  A worm (D:2)
  A dart slug (D:1)
  A leopard gecko (D:1)
  2 bats
  2 giant cockroaches
  4 goblins (D:1)
  3 hobgoblins
  2 jackals (D:1)
  A quokka (D:2)
  3 frilled lizards
  6 kobolds
  5 rats
  A fungus (D:1)
35 creatures vanquished.

Notes
Turn   | Place    | Note
-------+----------+-------------------------------------------
     0 | D:1      | tsouns the Demonspawn Wanderer began the quest for the Orb.
     0 | D:1      | tsouns set off with: a book of Conjurations, Sif Muna's Handbook of the Glacier, Nubui's Tome of Clay, a +0 robe, a +0 club, a bread ration
     0 | D:1      | Reached XP level 1. HP: 13/13 MP: 3/3
     0 | D:1      | Identified Sif Muna's Handbook of the Glacier
     0 | D:1      | Identified Nubui's Tome of Clay
     2 | D:1      | Learned a level 1 spell: Magic Dart
   419 | D:1      | Gained mutation: You have a pair of small horns on your head. [demonic ancestry]
   419 | D:1      | Reached XP level 2. HP: 15/19 MP: 3/5
   702 | D:1      | Learned a level 2 spell: Searing Ray
  1232 | D:1      | Reached XP level 3. HP: 20/24 MP: 1/7
  1382 | D:1      | Learned a level 3 spell: Dazzling Spray
  1813 | D:2      | Slain by an adder

Vault maps used:
D:1:      nicolae_arrival_washed_ashore, minmay_gold_behind_fungi, st_stairs_6
D:2:      first_bread

Skill      XL: |  1  2  3 |
---------------+----------+-----
Conjurations   | 3 |  3.2
Spellcasting   | 3 |  3.0
Necromancy     | |  3.2
Translocations | |  1.0
Evocations     | |  2.0

Action                   || total
-------------------------++-------
Melee: Club              ||    63
       Headbutt          ||     9
 Cast: Magic Dart        ||    83
  Use: Scroll            ||     2
       Potion            ||     1
  Eat: Chunk             ||     3
Armor: Robe              ||    17
Dodge: Dodged            ||    46
